 Dungeon Crawl Stone Soup version 0.30-a0-639-g3916f1956a (webtiles) character file.

Game seed: 8128657185206700570

49 zinnoa the Insei (level 3, 0/28 HPs)
             Began as a Gnoll Transmuter on Jan 17, 2023.
             Succumbed to Terence's poison
             ... on level 2 of the Dungeon.
             The game lasted 00:11:45 (1273 turns).

zinnoa the Insei (Gnoll Transmuter)                 Turns: 1273, Time: 00:11:45

Health: 0/28       AC:  3    Str: 11    XL:     3   Next: 77%
Magic:  7/9        EV: 13    Int: 12    God:
Gold:   67         SH:  0    Dex: 12    Spells: 6/12 levels left

rFire   . . .      SeeInvis .    l - +0 hand axe
rCold   . . .      Faith    .    (no shield)
rNeg    . . .      Spirit   .    k - +0 leather armour
rPois   .          Reflect  .    (helmet currently unavailable)
rElec   .          Harm     .    (no cloak)
rCorr   .          Rampage  .    (no gloves)
Will    .....                    (boots currently unavailable)
Stlth   +                        (no amulet)
HPRegen 0.24/turn                (no ring)
MPRegen 0.11/turn                (no ring)

@: lethally poisoned (0 -> -9), appendages, wereblooded
A: horns 2, talons 2, fangs 1, strong nose, distributed training
a: End Transformation


You were on level 2 of the Dungeon.
You had temporarily grown beastly horns and talons.
You visited 1 branch of the dungeon, and saw 2 of its levels.

You collected 67 gold pieces.

Inventory:

Hand Weapons
 f - a +0 flail
 l - a +0 hand axe (weapon)
Armour
 a - a +0 robe
 g - a +0 ring mail
 k - a +0 leather armour (worn)
 o - a +0 chain mail
Jewellery
 q - a ring of willpower
Scrolls
 d - 3 scrolls of noise {unknown}
 i - a scroll of teleportation {unknown}
 j - 2 scrolls of identify {unknown}
 m - a scroll of poison {unknown}
 n - 3 scrolls of brand weapon {unknown}
Potions
 b - 2 potions of lignification
 c - a potion of cancellation {unknown}
 e - a potion of curing {unknown}
 h - a potion of resistance {unknown}
 p - a potion of heal wounds {unknown}
 r - a potion of berserk rage {unknown}


   Skills:
 + Level 2.6 Fighting
 + Level 1.0 Short Blades
 + Level 1.0 Long Blades
 + Level 1.0 Axes
 + Level 1.0 Maces & Flails
 + Level 1.0 Polearms
 + Level 1.0 Staves
 + Level 1.0 Ranged Weapons
 + Level 1.0 Throwing
 + Level 1.0 Armour
 + Level 4.6 Dodging
 + Level 1.0 Stealth
 + Level 1.0 Shields
 + Level 6.5 Unarmed Combat
 + Level 5.0 Spellcasting
 + Level 0.7 Conjurations
 + Level 0.7 Hexes
 + Level 0.7 Summonings
 + Level 0.7 Necromancy
 + Level 0.7 Translocations
 + Level 3.8 Transmutations
 + Level 0.7 Fire Magic
 + Level 0.7 Ice Magic
 + Level 0.7 Air Magic
 + Level 0.7 Earth Magic
 + Level 0.7 Poison Magic
 + Level 1.0 Invocations
 + Level 1.0 Evocations


You had 6 spell levels left.
You knew the following spells:

 Your Spells              Type           Power      Damage    Failure   Level
a - Beastly Appendage     Tmut           24%        N/A       5%          1
b - Wereblood             Tmut           12%        N/A       9%          2
c - Spider Form           Tmut/Pois      8%         N/A       30%         3

Your spell library contained the following spells:

 Spells                   Type           Power      Damage    Failure   Level
 Ice Form                 Ice/Tmut       8%         N/A       71%         4


Dungeon Overview and Level Annotations

Branches:
Dungeon (2/15)

Altars:

Annotations:
D:2 Terence


Innate Abilities, Weirdness & Mutations

You have temporarily grown beastly horns and talons.
You have very sharp teeth.
Your uncanny sense of smell can sniff out nearby items.
Your experience applies equally to all skills.


Message History

The plant is lightly damaged.
A nearby plant withers and dies.
There is a faded altar of an unknown god here.
Terence the Incautious comes into view.
He is wielding a +2 mace of venom.
Terence shouts!
Press: ? - help, v - describe, . - travel A faded altar of an unknown god.
Unknown command.
Unknown command.
Press: ? - help, v - describe, . - travel
Here: Terence, wielding a +2 mace of venom and wearing a +0 chain mail The floor.
Casting: Beastly Appendage (safe; 5% risk of failure)
Confirm with . or Enter, or press ? or * to list all spells.
You grow a pair of large bovine horns.
Your feet morph into talons.
Casting: Beastly Appendage (safe; 5% risk of failure)
Confirm with . or Enter, or press ? or * to list all spells.
Your blood is infused with primal strength.
You hit Terence but do no damage. You headbutt Terence.
Terence is lightly wounded.
Terence hits you with a +2 mace of venom!
You barely miss Terence. Your kick misses Terence.
You headbutt Terence, but do no damage.
Terence is lightly wounded.
Terence barely misses you.
Terence hits you with a +2 mace of venom!
You are lethally poisoned!
You hit Terence but do no damage.
Terence is lightly wounded.
You feel very sick. Terence hits you but does no damage.
You are more poisoned.
You barely miss Terence.
Terence is lightly wounded.
* * * LOW HITPOINT WARNING * * *
You feel very sick. Terence barely misses you.
* * * LOW HITPOINT WARNING * * *
You feel very sick.
You die...

+# .## P. ..# ∆∆
8### #.# P..
####.# ##.#
#....### ##..#
#......###
#####@_.#
###....#...#
#.'.#..##
#......###.#
#.#.#@## #......#
#.. #.#...#
#......# #>.
#.###8# #......#
### #.....#
#......#
#####'#####.######
#.......#
#########


You could see Terence.

Vanquished Creatures
  A gnoll (D:1)
  2 dart slugs
  A ball python (D:1)
  3 endoplasms
  2 giant cockroaches (D:1)
  2 goblins (D:1)
  5 hobgoblins
  2 jackals (D:1)
  3 quokkas (D:1)
  4 bats
  A frilled lizard (D:1)
  4 kobolds
  2 rats (D:1)
32 creatures vanquished.

Vanquished Creatures (others)
  2 fungi (D:2)
  3 plants (D:2)
5 creatures vanquished.

Grand Total: 37 creatures vanquished

Notes
Turn   | Place    | Note
-------+----------+-------------------------------------------
     0 | D:1      | zinnoa the Gnoll Transmuter began the quest for the Orb.
     0 | D:1      | Reached XP level 1. HP: 17/17 MP: 6/6
   125 | D:1      | Reached XP level 2. HP: 8/23 MP: 7/7
   194 | D:1      | Learned a level 2 spell: Wereblood
   267 | D:1      | Reached skill level 5 in Spellcasting
   267 | D:1      | Reached XP level 3. HP: 28/28 MP: 5/9
   345 | D:1      | Learned a level 3 spell: Spider Form
   608 | D:1      | Reached skill level 1 in Invocations
  1162 | D:2      | Reached skill level 1 in Short Blades
  1162 | D:2      | Reached skill level 1 in Long Blades
  1162 | D:2      | Reached skill level 1 in Axes
  1162 | D:2      | Reached skill level 1 in Maces & Flails
  1162 | D:2      | Reached skill level 1 in Polearms
  1162 | D:2      | Reached skill level 1 in Staves
  1162 | D:2      | Reached skill level 1 in Ranged Weapons
  1162 | D:2      | Reached skill level 1 in Throwing
  1162 | D:2      | Reached skill level 1 in Armour
  1162 | D:2      | Reached skill level 1 in Stealth
  1162 | D:2      | Reached skill level 1 in Shields
  1162 | D:2      | Reached skill level 1 in Evocations
  1223 | D:2      | Found a faded altar of an unknown god.
  1265 | D:2      | Noticed Terence
  1273 | D:2      | Succumbed to Terence's poison

Illustrated notes

Levels and vault maps discovered:
D:1:      scummos_arrival_simple_crosswalls, layout_basic, minmay_cut_off
D:2:      layout_basic, shapermc_ecumenical_altar_ellora, uniq_robin,
          uniq_sigmund, uniq_terence

Skill      XL: |  1  2  3 |
---------------+----------+-----
Spellcasting   | 5 |  5.0
Invocations    | 1 |  1.0
Short Blades   | 1 |  1.0
Long Blades    | 1 |  1.0
Axes           | 1 |  1.0
Maces & Flails | 1 |  1.0
Polearms       | 1 |  1.0
Staves         | 1 |  1.0
Ranged Weapons | 1 |  1.0
Throwing       | 1 |  1.0
Armour         | 1 |  1.0
Stealth        | 1 |  1.0
Shields        | 1 |  1.0
Evocations     | 1 |  1.0
Fighting       | |  2.6
Dodging        | |  4.6
Unarmed Combat | |  6.5
Conjurations   | |  0.7
Hexes          | |  0.7
Summonings     | |  0.7
Necromancy     | |  0.7
Translocations | |  0.7
Transmutations | |  3.8
Fire Magic     | |  0.7
Ice Magic      | |  0.7
Air Magic      | |  0.7
Earth Magic    | |  0.7
Poison Magic   | |  0.7

Action                   || total
-------------------------++-------
Melee: Unarmed           ||    43
       Bite              ||     6
       Kick              ||     6
       Punch             ||     7
       Headbutt          ||     6
       Hand axe          ||    46
       Flail             ||    38
 Cast: Beastly Appendage ||     9
       Wereblood         ||     4
 Stab: Sleeping          ||     1
Armor: Robe              ||    19
       Leather armour    ||    12
Dodge: Dodged            ||    79

Table legend: (Time is in decaauts)
 A = Elapsed time spent in this place.
 B = Non-inter-level travel time spent in this place.
 C = Inter-level travel time spent in this place.
 D = Time resting spent in this place.
 E = Time spent auto-exploring this place.
 F = Levels seen in this place.
 G = Mean time per level.
                   A        B        C        D        E       F      G
               +--------+--------+--------+--------+--------+-----+--------+
         Total |   1292 |   1264 |     28 |    107 |    288 |   2 |  646.0 |
       Dungeon |   1292 |   1264 |     28 |    107 |    288 |   2 |  646.0 |
               +--------+--------+--------+--------+--------+-----+--------+

Top non-repeatable levels by time:
     D:1: 1004 daAuts
     D:2: 287 daAuts
